 Dungeon Crawl Stone Soup version 0.30-a0-748-ge6a52f7cba (webtiles) character file.

Game seed: 11640466473239440717

1200 Dittersdorf the Trooper (level 8, 0/51 HPs)
             Began as a Gargoyle Fighter on Feb 8, 2023.
             Was a Follower of Okawaru.
             Killed from afar by Maggie (20 damage)
             ... with a bolt of fire
             ... on level 6 of the Dungeon.
             The game lasted 00:05:52 (4556 turns).

Dittersdorf the Trooper (Gargoyle Fighter)          Turns: 4556, Time: 00:05:52

Health: 0/51       AC: 19    Str: 23    XL:     8   Next: 44%
Magic:  8/8        EV:  6    Int: 14    God:    Okawaru [*.....]
Gold:   241        SH:  8    Dex:  9    Spells: 7/7 levels left

rFire   . . .      SeeInvis .    a - +0 flail
rCold   . . .      Faith    .    n - +3 buckler "Binluk" {Regen+ Stlth+}
rNeg    + . .      Spirit   .    c - +0 plate armour
rPois   ∞          Reflect  .    s - +0 helmet
rElec   +          Harm     .    (no cloak)
rCorr   .          Rampage  .    (no gloves)
Will    +....                    (no boots) Stlth
                                 (no amulet)
HPRegen 1.08/turn                l - +6 ring of intelligence
MPRegen 0.11/turn                p - ring of willpower

@: mesmerised
A: sickness immunity, AC +5, negative energy resistance 1, electricity
resistance, torment resistance 1, petrification resistance
a: Renounce Religion, Heroism


You were on level 6 of the Dungeon.
You worshipped Okawaru.
Okawaru was aware of your devotion.
You visited 2 branches of the dungeon, and saw 7 of its levels.

You collected 241 gold pieces.

Inventory:

Hand Weapons
 a - a +0 flail (weapon)
Missiles
 C - a throwing net (quivered)
Armour
 c - a +0 plate armour (worn)
 n - the +3 buckler "Binluk" (worn) {Regen+ Stlth+}
   (You found it on level 2 of the Dungeon)

   Regen:     It increases your rate of health regeneration.
   Stlth:     It makes you more stealthy.
 s - a +0 helmet (worn)
Jewellery
 l - a +6 ring of intelligence (left hand)
 p - a ring of willpower (right hand)
Scrolls
 b - a scroll of vulnerability {unknown}
 f - 3 scrolls of blinking {unknown}
 g - a scroll of noise {unknown}
 i - 4 scrolls of teleportation {unknown}
 j - a scroll of brand weapon {unknown}
 k - 2 scrolls of immolation {unknown}
 q - a scroll of fog {unknown}
 t - 3 scrolls of amnesia {unknown}
 u - a scroll of enchant weapon
 v - a scroll of poison
 w - a scroll of magic mapping {unknown}
 x - a scroll of enchant armour {unknown}
 y - a scroll of fear {unknown}
Potions
 d - 2 potions of might
 e - 3 potions of haste
 h - 5 potions of curing
 m - 2 potions of brilliance
 o - a potion of berserk rage
 r - 2 potions of heal wounds
 z - a potion of degeneration {unknown}
 A - a potion of attraction {unknown}
 B - a potion of magic {unknown}


   Skills:
 + Level 6.3 Fighting
 + Level 5.2 Maces & Flails
 + Level 6.3 Armour
 + Level 6.3 Shields


You had 7 spell levels left.
You didn't know any spells.
Your spell library contained the following spells:

 Spells                   Type           Power      Damage    Failure   Level
 Beastly Appendage        Tmut           0%         N/A       99%         1
 Ensorcelled Hibernation  Hex/Ice        0%         N/A       100%        2
 Passwall                 Tmut/Erth      0%         N/A       100%        2
 Wereblood                Tmut           0%         N/A       100%        2
 Hailstorm                Conj/Ice       0%         3d3       100%        3
 Spider Form              Tmut/Pois      0%         N/A       100%        3
 Swiftness                Air            0%         N/A       100%        3
 Passage of Golubria      Tloc           0%         N/A       100%        4
 Fireball                 Conj/Fire      0%         3d3       100%        5
 Silence                  Hex/Air        0%         N/A       100%        5
 Lehudib's Crystal Spear  Conj/Erth      0%         10d2      100%        8


Dungeon Overview and Level Annotations

Branches:
Dungeon (6/15)             Temple (1/1) D:4

Altars:
Fedhas
Hepliaklqana
Kikubaaqudgha
Makhleb
Nemelex Xobeh
Okawaru
Qazlal
Ru
Trog
Xom
Zin

Shops:
D:4 =

Annotations:
D:6 Maggie


Innate Abilities, Weirdness & Mutations

You are immune to sickness and miasma.
Your stone body is resilient. (AC +5)
You are immune to poison.
You resist negative energy. (rN+)
You are resistant to electric shocks. (rElec)
You are resistant to unholy torment.
You are immune to petrification.


Message History

Maggie attempts to bespell you!
You are mesmerised by Maggie!
You sock Maggie!
Maggie is severely wounded.
You block Maggie's attack.
You closely miss Maggie.
Maggie is severely wounded.
Maggie hits you but does no damage. Maggie hits you with a +0 war axe!
You barely miss Maggie.
Maggie is severely wounded.
Maggie points at you and mumbles some strange words.
The bolt of fire hits you!
You are too injured to fight recklessly!
You are too injured to fight recklessly!
You are too injured to fight recklessly!
You are too injured to fight recklessly!
You are too injured to fight recklessly!
You are too injured to fight recklessly!
You are too injured to fight recklessly!
You are too injured to fight recklessly!
You are too injured to fight recklessly!
You barely miss Maggie.
Maggie is severely wounded.
Maggie hits you with a +0 war axe!
* * * LOW HITPOINT WARNING * * *
You closely miss Maggie.
Maggie is severely wounded.
Maggie mumbles some strange words.
Maggie draws you further into her thrall.
You hit Maggie.
Maggie is almost dead.
Maggie hits you but does no damage.
You hit Maggie.
Maggie is almost dead.
Maggie barely misses you.
You hit Maggie but do no damage.
Maggie is almost dead.
Maggie points at you and mumbles some strange words.
The bolt of fire hits you!!
You die...

####### ##.....##
##.......##
#.........#
#....@....#
#.....@...#
###############.....#
#.........# #.....##
..........#. #......#
#.........#. ######'#
#######...#.###.#...##
##### ###.##....#.#.#
....#####..#.##...#.#
...........#.#...##.#


You could see Maggie (mesmerising).

Vanquished Creatures
  Grinder (D:3)
  A black bear (D:6)
  3 ice beasts
  A phantom (D:5)
  Blork the orc (D:6)
  2 jellies
  A gnoll bouda (D:6)
  A hound (D:5)
  Ijyb (D:3)
  5 iguanas
  5 gnolls (D:6)
  8 adders
  A white imp (D:5)
  2 ufetubi (D:5)
  3 dart slugs
  5 orcs
  10 endoplasms
  7 goblins
  6 hobgoblins
  3 jackals (D:5)
  7 kobolds
  7 quokkas
  14 ball pythons
  9 bats
  A frilled lizard (D:3)
  5 rats
110 creatures vanquished.

Notes
Turn   | Place    | Note
-------+----------+-------------------------------------------
     0 | D:1      | Dittersdorf the Gargoyle Fighter began the quest for the
                  | Orb.
     0 | D:1      | Reached XP level 1. HP: 14/14 MP: 1/1
   236 | D:1      | Reached XP level 2. HP: 19/19 MP: 2/2
   754 | D:1      | Reached XP level 3. HP: 15/24 MP: 3/3
  1265 | D:2      | Identified the +3 buckler "Binluk" {Regen+ Stlth+}
  1406 | D:2      | Reached XP level 4. HP: 29/29 MP: 4/4
  1947 | D:3      | Found a faded altar of an unknown god.
  1957 | D:3      | Noticed Grinder
  1960 | D:3      | Paralysed by Grinder for 2 turns
  1970 | D:3      | Paralysed by Grinder for 3 turns
  1981 | D:3      | Killed Grinder
  1982 | D:3      | Reached XP level 5. HP: 34/34 MP: 5/5
  1982 | D:3      | Reached XP level 6. HP: 39/39 MP: 6/6
  2269 | D:3      | Found a blossoming altar of Fedhas.
  2322 | D:3      | Noticed Ijyb
  2336 | D:3      | Killed Ijyb
  2687 | D:4      | Got Oseurif's Directory of Injury and Frost
  2766 | D:4      | Identified the +4 hand axe of the Piercing Gnat {flame,
                  | rCorr Int+5 Dex-5}
  2996 | D:4      | Found Lusolykhle's Jewellery Shop.
  3004 | D:4      | Reached skill level 5 in Fighting
  3004 | D:4      | Reached skill level 5 in Shields
  3035 | D:4      | Found a staircase to the Ecumenical Temple.
  3040 | Temple   | Entered the Ecumenical Temple
  3188 | Temple   | Became a worshipper of Warmaster Okawaru
  3658 | D:5      | Entered Level 5 of the Dungeon
  3672 | D:5      | Reached skill level 5 in Armour
  3672 | D:5      | Reached XP level 7. HP: 44/44 MP: 7/7
  3790 | D:5      | Found a glowing silver altar of Zin.
  4048 | D:5      | Found an ancient bone altar of Kikubaaqudgha.
  4177 | D:5      | Reached * piety under Okawaru
  4178 | D:5      | Reached XP level 8. HP: 50/51 MP: 8/8
  4420 | D:6      | Reached skill level 5 in Maces & Flails
  4425 | D:6      | Noticed Blork the orc
  4433 | D:6      | Killed Blork the orc
  4524 | D:6      | Noticed Maggie
  4556 | D:6      | Killed from afar by Maggie

Illustrated notes

Levels and vault maps discovered:
D:1:      onia_arrival_mini_spirals, layout_loops_corners,
          corexii_hall_statues_s
D:2:      layout_loops_cross, minmay_surrounded
D:3:      layout_basic, fedhas_altar_fruit_tree,
          dreamdust_ecumenical_altar_statues, uniq_ijyb, uniq_grinder
D:4:      layout_cave_pods, minmay_temple_entry_statues_pillars, serial_shops,
          shop
D:5:      layout_basic, nicolae_kikubaaqudgha_miasma_corner,
          lemuel_doored_altar, minivault_23, minmay_fractal_squares_diagonal_5
D:6:      layout_rooms, mainiacjoe_overflow_swirl, uniq_maggie,
          uniq_blork_the_orc
Temple:   nicolae_temple_godpark

Skill      XL: |  1  2  3  4  5  6  7  8 |
---------------+-------------------------+-----
Shields        | 4 5 6 |  6.3
Fighting       | 4 5 6 |  6.3
Maces & Flails | 3 4 5 |  5.2
Armour         | 4 5 6 |  6.3

Action                     |  1- 3 |  4- 6 |  7- 9 || total
---------------------------+-------+-------+-------++-------
  Melee: Flail             |   125 |   134 |   232 ||   491
    Use: Scroll            |       |     7 |       ||     7
 Armour: Scale mail        |    75 |    58 |    72 ||   205
         Plate armour      |       |       |    64 ||    64
  Dodge: Dodged            |    63 |    51 |    90 ||   204
  Block: Buckler           |    28 |    52 |   113 ||   193

Table legend: (Time is in decaauts)
 A = Elapsed time spent in this place.
 B = Non-inter-level travel time spent in this place.
 C = Inter-level travel time spent in this place.
 D = Time resting spent in this place.
 E = Time spent auto-exploring this place.
 F = Levels seen in this place.
 G = Mean time per level.
                   A        B        C        D        E       F      G
               +--------+--------+--------+--------+--------+-----+--------+
         Total |   4681 |   4420 |    261 |     99 |   3279 |   7 |  668.7 |
       Dungeon |   4519 |   4288 |    231 |     99 |   3158 |   6 |  753.2 |
        Temple |    161 |    131 |     30 |      0 |    121 |   1 |  161.0 |
               +--------+--------+--------+--------+--------+-----+--------+

Top non-repeatable levels by time:
     D:1: 994 daAuts
     D:4: 935 daAuts
     D:3: 865 daAuts
     D:2: 817 daAuts
     D:5: 699 daAuts
     D:6: 208 daAuts
  Temple: 161 daAuts
